[Event "African Individual Chess-ch Women 2024"]
[Site "Accra"]
[Date "2024.03.20"]
[Round "9.4"]
[White "Nakabo, Peninah"]
[Black "QUICKPEN, Deborah Ebimobo-ere"]
[Result "1/2-1/2"]
[ECO "C07"]
[WhiteElo "1836"]
[BlackElo "1945"]
[Annotator "RC"]
[PlyCount "89"]
[EventDate "2024.03.13"]
[EventCountry "GHA"]
[SourceTitle "playchess.com"]
[Source "ChessBase"]
[SourceQuality "1"]
[TimeControl "5400+30"]

1. e4 e6 2. d4 d5 3. Nd2 c5 4. Bb5+ Nc6 5. exd5 Qxd5 6. Ndf3 cxd4 7. Bxc6+ Qxc6 8. Ne2 Bb4+ 9. Bd2 Bc5 10. O-O Nf6 11. Nexd4 Qb6 12. Nb3 Be7 13. Qe2 Bd7 14. a4 a6 15. Rfd1 O-O 16. Ba5 Qa7 17. Ne5 Be8 18. Nd4 Bc5 19. Ndf3 b6 20. Be1 Qc7 21. b4 Be7 22. c4 Bc6 23. Nxc6 Qxc6 24. a5 bxa5 25. Rxa5 Rfb8 26. b5 axb5 27. Rxa8 Qxa8 28. cxb5 Qa4 29. Rb1 Nd5 30. Ne5 Bd6 31. Qc4 Qa3 32. Nd7 Rd8 33. b6 Bxh2+ 34. Kxh2 Qd6+ 35. g3 Rxd7 36. b7 Rd8 37. Qc8 Nb6 38. Rxb6 Qxb6 39. Ba5 Qxf2+ 40. Kh3 Qf5+ 41. Kg2 Qd5+ 42. Kh2 Qh5+ 43. Kg2 Qe2+ 44. Kh3 Qf1+ 45. Kh2 1/2-1/2

[Event "African Individual Chess-ch Women 2024"]
[Site "Accra"]
[Date "2024.03.20"]
[Round "9.5"]
[White "Ofowino, Toritsemuwa"]
[Black "Paulo, Jemima"]
[Result "0-1"]
[ECO "B92"]
[WhiteElo "1950"]
[BlackElo "1946"]
[Annotator "RC"]
[PlyCount "163"]
[EventDate "2024.03.13"]
[EventCountry "GHA"]
[SourceTitle "playchess.com"]
[Source "ChessBase"]
[SourceQuality "1"]
[TimeControl "5400+30"]

1. e4 c5 2. Nf3 d6 3. d4 cxd4 4. Nxd4 Nf6 5. Nc3 g6 6. Be2 Bg7 7. Be3 a6 8. O-O Nbd7 9. Qd2 b5 10. a3 Bb7 11. f3 Rc8 12. Rfd1 O-O 13. Bf1 Qc7 14. Rac1 Ne5 15. Qf2 Rfd8 16. Nb3 Nfd7 17. h3 e6 18. Rd2 Nc4 19. Bxc4 bxc4 20. Nd4 d5 21. exd5 exd5 22. Nde2 Nc5 23. Rcd1 Bf8 24. Nf4 d4 25. Rxd4 Rxd4 26. Rxd4 Nd7 27. Nfd5 Qe5 28. Rd1 Bxd5 29. Rxd5 Qe6 30. Rd1 Nf6 31. Bd4 Re8 32. Qh4 Nh5 33. Ne4 f5 34. Nc3 Be7 35. Qe1 Qf7 36. Qe5 Nf6 37. Qc7 Qe6 38. Qb7 Rd8 39. Qa7 Rd6 40. Kf1 Rd7 41. Qb8+ Kf7 42. Qe5 Qc6 43. Re1 Bd8 44. Qc5 Qxc5 45. Bxc5 Ba5 46. Bb4 Bxb4 47. axb4 Rb7 48. Na2 Nd5 49. c3 Nf4 50. Nc1 Kf6 51. Ne2 Nd3 52. Ra1 Rb6 53. Rb1 Re6 54. Nd4 Re3 55. Nc2 Re6 56. Nd4 Re7 57. Ra1 Kg5 58. Ne2 Re6 59. Nd4 Rd6 60. Rb1 Nxb4 61. cxb4 Rxd4 62. Rc1 Kf4 63. Ke1 Kg3 64. Rc2 f4 65. h4 h5 66. Re2 Rd3 67. Re6 Kxg2 68. Rxg6+ Kxf3 69. Rc6 Kg2 70. Rg6+ Rg3 71. Rf6 f3 72. Kd2 Rg8 73. Rxa6 f2 74. Rf6 f1=Q 75. Rxf1 Kxf1 76. Kc3 Kg2 77. Kxc4 Kh3 78. b5 Kxh4 79. b6 Kg3 80. Kc5 h4 81. b7 h3 82. Kd4 0-1

[Event "African Individual Chess-ch Women 2024"]
[Site "Accra"]
[Date "2024.03.20"]
[Round "9.6"]
[White "Mongeli, Sasha"]
[Black "Laubscher, Anzel"]
[Result "1-0"]
[ECO "B38"]
[WhiteElo "1858"]
[BlackElo "1820"]
[Annotator "NA RC"]
[PlyCount "110"]
[EventDate "2024.03.13"]
[EventCountry "GHA"]
[SourceTitle "playchess.com"]
[Source "ChessBase"]
[SourceQuality "1"]
[TimeControl "5400+30"]

1. e4 c5 2. Nf3 d6 3. d4 cxd4 4. Nxd4 Nf6 5. f3 g6 6. c4 Bg7 7. Nc3 O-O 8. Be3 Nc6 9. Qd2 Bd7 10. Be2 a6 11. O-O Ne5 12. Rac1 {[%emt 0:07:01] B38: Sicilian: Maroczy Bind with 5...Bg7 and 7...0-0.} h5 13. Nd5 Nh7 (13... b5 $14) 14. Nc2 Bc6 15. Ncb4 Nd7 16. Rfd1 a5 17. Nd3 Re8 18. b3 e6 19. Nc3 Nb6 20. Nf2 Bf8 21. Nh3 (21. e5 $142) 21... Be7 22. Bf4 e5 23. Be3 Bd7 24. Nf2 a4 25. Bxb6 Qxb6 26. Nd5 Qd8 27. Nxe7+ Rxe7 28. Qxd6 axb3 29. axb3 Ra2 30. Kf1 Nf8 31. c5 Re6 32. Qd5 Qg5 {[%emt 0:00:28] [#]} 33. b4 $2 (33. Qxb7 $2 {is the wrong capture.} Qe3 34. Re1 Rxe2 35. Rxe2 Qxc1+ 36. Re1 Qxc5 $19) (33. Nh3 $1 $16 {[%cal Rh3g5] keeps the pressure on.} Qe3 34. Qd3 Qxd3 35. Bxd3) 33... Rb2 $2 ({Better is} 33... Rxe2 $1 $19 34. Kxe2 (34. f4 $2 Qxf4 35. Kxe2 Rf6 $19) 34... Bb5+ 35. Nd3 Qxg2+ 36. Ke3 Rf6 (36... Qxh2 37. Rh1 $14)) 34. Nd3 Rxe2 35. Kxe2 Qxg2+ 36. Nf2 Bb5+ ({Und nicht} 36... Qxh2 37. Qxb7 Bc6 38. Qb8 $14) 37. Rd3 Rf6 38. Rc4 Bxc4 39. Qxc4 Ne6 $19 40. Ra3 Nd4+ 41. Ke1 Qg1+ 42. Kd2 Qxf2+ 43. Kc1 Qg1+ 44. Kb2 Qxh2+ 45. Kb1 Nxf3 46. Qc1 Nd2+ 47. Kc2 Nc4+ 48. Kb3 Nxa3 49. Kxa3 Ra6+ 50. Kb3 Qa2+ 51. Kc3 Ra3+ 52. Qxa3 Qxa3+ 53. Kc4 Qa6+ 54. b5 Qa4+ 55. Kd5 Qd4# 1-0

[Event "African Individual Chess-ch Women 2024"]
[Site "Accra"]
[Date "2024.03.20"]
[Round "9.7"]
[White "Marochkina, Nadezhda Valerevna"]
[Black "Vilhete, Vania Fausto Da T."]
[Result "0-1"]
[ECO "D51"]
[WhiteElo "1819"]
[BlackElo "1829"]
[Annotator "NA RC"]
[PlyCount "60"]
[EventDate "2024.03.13"]
[EventCountry "GHA"]
[SourceTitle "playchess.com"]
[Source "ChessBase"]
[SourceQuality "1"]
[TimeControl "5400+30"]

1. d4 d5 2. c4 e6 3. Nc3 Nf6 4. Bg5 Nbd7 5. Nf3 h6 6. Bh4 dxc4 {[%emt 0:01:01] D51: Queen's Gambit Declined: 4 Bg5 Nbd7 sidelines.} 7. e4 Nb6 8. e5 g5 9. Nxg5 hxg5 10. Bxg5 Be7 11. exf6 Bxf6 12. Bxf6 Qxf6 13. Bxc4 a6 14. Be2 Bd7 15. Ne4 Qf4 ({Besser ist} 15... Qg7 $1 $15 16. Qc2 O-O-O) 16. Bf3 Bc6 (16... Rxh2 $11 17. Nf6+ Ke7 18. Rxh2 Qxh2 19. Nxd7 Nxd7) 17. Qd2 Qf5 18. Ng3 Qb5 19. Bxc6+ Qxc6 20. O-O O-O-O 21. Rac1 Qd6 22. Qc3 Qf4 23. Rfd1 (23. Qe3 $11 {should be considered.} Qxd4 24. Qxd4 Rxd4 25. h3) 23... Nd5 24. Qe1 Qh4 25. Nf1 Rdg8 26. Qe5 Rh5 27. Qe1 Nf4 28. g3 Qg4 29. f3 Qxf3 30. Rc2 Nh3# 0-1